AoeStats
← Yova

Arabia

508791709Analyzed
1v1 RM · 10d ago on Sep 24, 2026· 58m 58s· 2 players
Game mode
Random Map
Map size
Tiny (2 player)
Population
200
Speed
Normal
Resources
Standard
Victory
Conquest
Starting age
Dark Age
Ending age
Imperial Age
RankedLock teamsTeams togetherTeam positionsShared explorationLock speedFull tech treeHidden civsTurbo modeCheats
Victory
Defeat
🇧🇷 Tupi · Brazil
814
+17
🇦🇷 Portuguese · Argentina
839
-17
Kobold
7:26 Loom
9:53 Feudal Age
11:25 Double-Bit Axe
12:49 Champi Runner
14:54 Forging
15:49 Scale Mail Armor
18:23 Arson
23:12 Castle Age
21:09 Fletching
22:38 Gold Mining
25:26 Bodkin Arrow
25:46 Chain Mail Armor
26:27 Wheelbarrow
26:37 Wheelbarrow
25:56 Pikeman
27:21 Squires
26:42 Champi Warrior
30:42 Bow Saw
33:04 Horse Collar
40:46 Imperial Age
42:15 Capped Ram
43:40 Bracer
47:13 Hand Cart
46:32 Elite Champi Warrior
54:16 Conscription
56:07 Iron Casting
Yova
0:25 Loom
10:34 Feudal Age
13:21 Bloodlines
16:42 Double-Bit Axe
22:51 Castle Age
21:35 Padded Archer Armor
22:21 Man-at-Arms
24:23 Forging
24:15 Scale Mail Armor
38:40 Imperial Age
41:30 Bow Saw
44:05 Chemistry
44:30 Elite Organ Gun
46:23 Iron Casting
46:45 Scale Barding Armor
53:01 Chain Mail Armor
Connection lost

Rejoining the realm…

Still unreachable

The connection could not be restored.

Session expired

The server has moved on; the page needs a fresh start.